[Event "Friday 12 January Rapid Engine Tour12+1 Rponds 9 Starts 1600 ST"]
[Site "Infinity Chess"]
[Date "2018.1.12"]
[Round "7"]
[White "Gilgamesch"]
[Black "KULLANI"]
[Result "1/2-1/2"]
[ECO "C50"]
[WhiteElo "2505"]
[BlackElo "2444"]
[WhiteEngine "BrainFish_171005_x64_bmi2"]
[BlackEngine "BrainFish_180106_x64_CTG"]
[EventType "Swiss"]
[WhiteTeam ""]
[BlackTeam ""]
[PlyCount "137"]
[TimeControl "720+1"]

1. e4 e5 2. Nf3 Nc6 3. Bc4 Bc5 4. O-O Nf6 5. d3 d6 6. c3 a5 7. Re1 h6 
8. Nbd2 O-O 9. Nf1 Be6 10. Bb5 Ne7 11. d4 exd4 12. cxd4 Bb6 13. Bd3 Bg4 
14. Be3 Nc6 15. d5 Bxf3 16. Qxf3 Ne5 17. Qe2 c6 18. dxc6 bxc6 19. Rad1 a4 
20. Bb1 Ba5 21. Nd2 Rb8 22. Bd4 Qc7 23. Rf1 Rfe8 24. Nc4 Nxc4 25. Bxf6 Ne5 
26. f4 Ng6 27. Bd4 Bb6 28. Kh1 Bxd4 29. Rxd4 Qb6 30. Rd2 c5 31. a3 Qc6 
32. Qc4 Qb5 33. Qxb5 Rxb5 34. g3 Rb6 35. Kg1 Nf8 36. Bc2 Ra8 37. e5 dxe5 
38. fxe5 Ne6 39. Be4 Ra7 40. Rc1 Rb8 41. Kg2 g6 42. Bc6 Rb6 43. Bd5 Rd7 
44. Rcc2 Kg7 45. Bxe6 Rxd2+ 46. Rxd2 Rxe6 47. Re2 Rb6 48. Kf3 f5 49. exf6+ Kxf6 
50. Rc2 Ke7 51. Rxc5 Rxb2 52. Ra5 Rb3+ 53. Kf4 Rxa3 54. Ra7+ Kd6 55. Ra6+ Kc5 
56. Rxg6 h5 57. Rg5+ Kb4 58. Rxh5 Rc3 59. Rh6 Rc4+ 60. Kf5 a3 61. Ra6 Rc5+ 
62. Ke4 Ra5 63. Rb6+ Kc3 64. Rb1 a2 65. Ra1 Kb2 66. Rxa2+ Rxa2 67. h4 Ra7 
68. g4 Ra1 69. Kf3 1/2-1/2

[Event "Friday 12 January Rapid Engine Tour12+1 Rponds 9 Starts 1600 ST"]
[Site "Infinity Chess"]
[Date "2018.1.12"]
[Round "6"]
[White "SkyPilot"]
[Black "ocirema"]
[Result "1/2-1/2"]
[ECO "C55"]
[WhiteElo "2434"]
[BlackElo "2398"]
[WhiteEngine "stockfish_x64_bmi2_2018_01_01_CTG"]
[BlackEngine "stockfish_18010422_x64_modern_CTG"]
[EventType "Swiss"]
[WhiteTeam ""]
[BlackTeam ""]
[PlyCount "114"]
[TimeControl "720+1"]

1. e4 e5 2. Nf3 Nc6 3. Bc4 Nf6 4. d3 Bc5 5. c3 d6 6. O-O O-O 7. Bg5 h6 8. Bh4 a6 
9. Nbd2 Ba7 10. Bb3 g5 11. Bg3 Na5 12. Ba4 Nh5 13. b4 Nxg3 14. hxg3 Nc6 
15. Bxc6 bxc6 16. Nb3 Re8 17. Qd2 Bg4 18. d4 exd4 19. Nfxd4 Qd7 20. Rfe1 c5 
21. Nc2 Be6 22. Ne3 cxb4 23. cxb4 Bxe3 24. Rxe3 Rab8 25. Rc1 Qa4 26. Rxc7 Qxb4 
27. Qb2 Rbc8 28. Rxc8 Rxc8 29. Qf6 Qa4 30. e5 Bxb3 31. axb3 Rc1+ 32. Kh2 Qa1 
33. g4 Qd4 34. Kg3 Rc3 35. Qf3 Rxe3 36. Qxe3 Qxe5+ 37. Qxe5 dxe5 38. Kf3 Kg7 
39. Ke4 f6 40. Kf5 a5 41. Ke6 Kg6 42. f3 Kg7 43. Kd5 Kf8 44. Ke6 Kg7 45. Kd5 Kg6 
46. Ke4 Kf7 47. Kf5 Ke7 48. Ke4 Kd6 49. Ke3 Ke6 50. Ke4 Ke7 51. Kd3 Kf7 
52. Ke3 Kg8 53. Ke4 Kf8 54. Kd5 Kg7 55. Kc4 Kf7 56. Kd5 Kg6 57. Ke6 Kg7 1/2-1/2

[Event "Friday 12 January Rapid Engine Tour12+1 Rponds 9 Starts 1600 ST"]
[Site "Infinity Chess"]
[Date "2018.1.12"]
[Round "6"]
[White "KillBill2017"]
[Black "MedusaV3"]
[Result "1/2-1/2"]
[ECO "C55"]
[WhiteElo "2398"]
[BlackElo "2343"]
[WhiteEngine "asmFishW_2018-01-12_popcnt_CTG"]
[BlackEngine "komodo-11.2.2-64bit"]
[EventType "Swiss"]
[WhiteTeam ""]
[BlackTeam ""]
[PlyCount "122"]
[TimeControl "720+1"]

1. e4 e5 2. Nf3 Nc6 3. Bc4 Nf6 4. d3 Bc5 5. c3 O-O 6. O-O d6 7. Bg5 h6 
8. Bh4 Be6 9. Bxe6 fxe6 10. b4 Bb6 11. Nbd2 a6 12. a4 Qe8 13. Nc4 Ba7 14. b5 Ne7 
15. Rb1 axb5 16. Rxb5 Qc6 17. Bxf6 Rxf6 18. Qb1 Rb8 19. Ra5 Ra8 20. Qb5 Rff8 
21. Qxc6 Nxc6 22. Rb5 b6 23. Rc1 Bb8 24. Ra1 Ra6 25. Kf1 Ba7 26. Ke2 Kf7 
27. g3 Ke7 28. Ne1 Na5 29. Nd2 Ra8 30. Nc2 Bb8 31. Nb4 R6a7 32. Rxa5 Rxa5 
33. Nc6+ Kd7 34. Nxa5 Rxa5 35. Nb3 Ra6 36. f4 exf4 37. gxf4 g5 38. fxg5 hxg5 
39. Rg1 c5 40. Rxg5 Rxa4 41. h4 d5 42. exd5 exd5 43. Rxd5+ Ke6 44. c4 Ra2+ 
45. Kf3 Rh2 46. Kg4 Rb2 47. Nc1 Be5 48. d4 Bxd4 49. Nd3 Rg2+ 50. Kf3 Rc2 
51. Nf4+ Ke7 52. h5 Rxc4 53. h6 Rc2 54. Kg3 Rc3+ 55. Kg4 Rc1 56. Ne2 Rh1 
57. Nxd4 cxd4 58. h7 Rxh7 59. Rxd4 Rh6 60. Kf3 Rd6 61. Ke4 Kd7 1/2-1/2

[Event "Friday 12 January Rapid Engine Tour12+1 Rponds 9 Starts 1600 ST"]
[Site "Infinity Chess"]
[Date "2018.1.12"]
[Round "6"]
[White "Thor"]
[Black "hafaba"]
[Result "1-0 "]
[ECO "B00"]
[WhiteElo "2404"]
[BlackElo "2415"]
[WhiteEngine "asmFishW_2017-11-19_bmi2"]
[BlackEngine "SF_McBRAIN64BIT_POPCNT_CTG"]
[EventType "Swiss"]
[WhiteTeam ""]
[BlackTeam ""]
[PlyCount "67"]
[TimeControl "720+1"]

1. e4 Nc6 2. d4 d5 3. e5 Bf5 4. c3 e6 5. Bb5 Qd7 6. Nf3 Nge7 7. Nh4 a6 8. Ba4 f6 
9. f4 Be4 10. Nd2 O-O-O 11. O-O Kb8 12. b4 Bd3 13. Re1 Nc8 14. Re3 Bg6 
15. b5 axb5 16. Bxb5 Bf7 17. a4 g5 18. fxg5 fxg5 19. Nhf3 Rg8 20. Nb3 N8a7 
21. Ne1 g4 22. Bd3 Bg6 23. g3 h5 24. Bxg6 Rxg6 25. Ng2 Qf7 26. Re2 Rd7 
27. Ba3 Bxa3 28. Rxa3 Re7 29. Ra1 Rg7 30. Rb2 Qf3 31. Qd2 Kc8 32. Rf1 Nxd4 
33. cxd4 Rgf7 34. Rxf3 1-0

[Event "Friday 12 January Rapid Engine Tour12+1 Rponds 9 Starts 1600 ST"]
[Site "Infinity Chess"]
[Date "2018.1.12"]
[Round "6"]
[White "Satria_Ungu"]
[Black "miguello"]
[Result "1/2-1/2"]
[ECO "A05"]
[WhiteElo "2408"]
[BlackElo "2422"]
[WhiteEngine "Houdini 6"]
[BlackEngine "asmFishW_2017-11-19_popcnt_CTG"]
[EventType "Swiss"]
[WhiteTeam ""]
[BlackTeam ""]
[PlyCount "131"]
[TimeControl "720+1"]

1. Nf3 Nf6 2. d4 d5 3. c4 e6 4. Nc3 c6 5. e3 Nbd7 6. Qc2 Bd6 7. Bd3 O-O 
8. O-O dxc4 9. Bxc4 b5 10. Be2 Bb7 11. Rd1 Qc7 12. e4 e5 13. dxe5 Nxe5 
14. Nd4 Neg4 15. Bxg4 Bxh2+ 16. Kf1 Nxg4 17. g3 Nxf2 18. Nd5 Qxg3 19. Ne7+ Kh8 
20. Qxf2 Qg4 21. Qf3 f5 22. Qxg4 fxg4+ 23. Kg2 Bd6 24. Ne6 Bxe7 25. Rd7 Bc8 
26. Rxe7 Bxe6 27. Rxe6 Rae8 28. Rxe8 Rxe8 29. a4 h5 30. axb5 cxb5 31. Rxa7 Rxe4 
32. Kg3 Re2 33. Rc7 Kg8 34. Rc5 Re1 35. Bf4 g6 36. Rxb5 Kf7 37. Rc5 Rh1 
38. Kg2 Rd1 39. Rc2 Kf6 40. Rf2 g5 41. Bd2+ Kg6 42. b3 Rb1 43. b4 Rd1 
44. Bc3 Rd3 45. Bd2 h4 46. Re2 Rg3+ 47. Kf2 Rf3+ 48. Kg2 Rg3+ 49. Kh2 Rh3+ 
50. Kg1 Ra3 51. Re8 Rd3 52. Be1 Rd1 53. b5 Rb1 54. b6 Kf5 55. b7 Rxb7 
56. Rf8+ Ke4 57. Re8+ Kf4 58. Rf8+ Ke5 59. Re8+ Kd4 60. Bf2+ Kd5 61. Rd8+ Ke5 
62. Re8+ Kd5 63. Rg8 g3 64. Bxg3 hxg3 65. Rxg5+ Ke4 66. Rxg3 1/2-1/2

[Event "Friday 12 January Rapid Engine Tour12+1 Rponds 9 Starts 1600 ST"]
[Site "Infinity Chess"]
[Date "2018.1.12"]
[Round "6"]
[White "angriff"]
[Black "MarioDeMonti"]
[Result "1/2-1/2"]
[ECO "C50"]
[WhiteElo "2412"]
[BlackElo "2406"]
[WhiteEngine "SF_64BIT_POPCNT_CTG"]
[BlackEngine "stockfish_x64_bmi2_2018_01_01_CTG"]
[EventType "Swiss"]
[WhiteTeam ""]
[BlackTeam ""]
[PlyCount "66"]
[TimeControl "720+1"]

1. e4 e5 2. Nf3 Nc6 3. Bc4 Bc5 4. O-O Nf6 5. d3 d6 6. c3 a5 7. Re1 Ba7 
8. Nbd2 O-O 9. h3 Be6 10. Bb5 Ne7 11. d4 Ng6 12. Nf1 exd4 13. cxd4 d5 14. e5 Ne4 
15. Bd3 f6 16. exf6 Qxf6 17. Ng3 Nxf2 18. Kxf2 Nh4 19. Be3 c6 20. Kg1 Nxf3+ 
21. Qxf3 Qxf3 22. gxf3 Rxf3 23. Kg2 Raf8 24. Bg1 Bxh3+ 25. Kxh3 Rxd3 
26. Rad1 Rdf3 27. Re7 Bb8 28. Bh2 Rf2 29. Rxb7 g5 30. Bg1 R2f3 31. Bh2 Rf2 
32. Bg1 R2f3 33. Bh2 Rf2 1/2-1/2

[Event "Friday 12 January Rapid Engine Tour12+1 Rponds 9 Starts 1600 ST"]
[Site "Infinity Chess"]
[Date "2018.1.12"]
[Round "6"]
[White "RonWeasley"]
[Black "CrapCleaner"]
[Result "1/2-1/2"]
[ECO "C55"]
[WhiteElo "2432"]
[BlackElo "2414"]
[WhiteEngine "BrainFish 060118_CTG"]
[BlackEngine "komodo-11.01-64bit_CTG"]
[EventType "Swiss"]
[WhiteTeam ""]
[BlackTeam ""]
[PlyCount "136"]
[TimeControl "720+1"]

1. e4 e5 2. Nf3 Nc6 3. Bc4 Nf6 4. d3 Bc5 5. c3 d6 6. Bb3 O-O 7. Nbd2 a6 
8. O-O Ba7 9. Re1 Ng4 10. Re2 Kh8 11. h3 Nh6 12. Nf1 f5 13. Bg5 Qd7 14. a4 fxe4 
15. Rxe4 d5 16. Re1 Qd6 17. Be3 Bxe3 18. Nxe3 Be6 19. c4 Rxf3 20. Qxf3 Nd4 
21. Qd1 Rf8 22. Nxd5 Qd8 23. Re3 Bxd5 24. cxd5 Qh4 25. Rg3 Qf6 26. Rf3 Nxf3+ 
27. Qxf3 Qd6 28. Qe2 Nf5 29. Ba2 Nd4 30. Qd2 Qg6 31. Kh1 b5 32. Rc1 Qd6 
33. a5 g6 34. Qe3 Rf4 35. Kg1 Kg7 36. Qd2 h5 37. b4 g5 38. Qe3 Kf8 39. Bb1 g4 
40. hxg4 hxg4 41. Bc2 Qh6 42. Bb3 Qh5 43. Bd1 Rf7 44. d6 c6 45. Qh3 Qxh3 
46. gxh3 gxh3 47. Rc5 Rd7 48. Rxe5 Rxd6 49. Re4 Ne6 50. Bg4 Ng5 51. Rf4+ Ke7 
52. d4 Rh6 53. Kh2 Kd6 54. Bc8 Ne6 55. Rf7 Nxd4 56. Bxa6 Nc2 57. Bb7 Nxb4 
58. a6 Nxa6 59. Bxa6 Kd5 60. f4 b4 61. f5 c5 62. Rd7+ Ke5 63. Bc4 Kxf5 
64. Rd5+ Kg4 65. Rxc5 Rd6 66. Be2+ Kf4 67. Kxh3 Rh6+ 68. Kg2 Ke3 1/2-1/2

[Event "Friday 12 January Rapid Engine Tour12+1 Rponds 9 Starts 1600 ST"]
[Site "Infinity Chess"]
[Date "2018.1.12"]
[Round "6"]
[White "Dovahkiin"]
[Black "IronMan"]
[Result "1/2-1/2"]
[ECO "A00"]
[WhiteElo "2445"]
[BlackElo "2420"]
[WhiteEngine "BrainFish_180106_x64_modern_CTG"]
[BlackEngine "Stockfish SL FA PB BMI2"]
[EventType "Swiss"]
[WhiteTeam ""]
[BlackTeam ""]
[PlyCount "121"]
[TimeControl "720+1"]

1. e3 e5 2. e4 Nf6 3. Nc3 Bb4 4. a3 Ba5 5. Nf3 O-O 6. Be2 Re8 7. b4 Bb6 
8. O-O h6 9. Bb2 d6 10. d4 exd4 11. Nxd4 Nbd7 12. Nf5 Ne5 13. Na4 Bxf5 
14. exf5 d5 15. Nxb6 axb6 16. f4 Nc4 17. Bxc4 dxc4 18. Qf3 c6 19. Rad1 Qe7 
20. Qg3 Kh7 21. Rde1 Qd7 22. Bxf6 gxf6 23. Qc3 Kg7 24. Qg3+ Kf8 25. Qh4 Kg7 
26. Qg3+ Kf8 27. Qh4 Qd4+ 28. Kh1 Kg7 29. Rd1 Qe4 30. Qg3+ Kh7 31. Qc3 Qxf5 
32. Qxc4 Re7 33. Qb3 b5 34. h3 Rae8 35. Rf3 Kg7 36. Qc3 Re4 37. Rd4 Re2 
38. Rd6 Rxc2 39. Rg3+ Kf8 40. Qxf6 Qxf6 41. Rxf6 Rc1+ 42. Kh2 Ree1 43. Rf3 Kg7 
44. Rd6 h5 45. Kg3 Re2 46. Rd7 b6 47. Rd6 Ra2 48. f5 Rc4 49. Kh2 h4 50. f6+ Kg6 
51. Rd8 c5 52. bxc5 bxc5 53. Rg8+ Kh7 54. Rg7+ Kh6 55. Rxf7 Ra1 56. Rf8 Rcc1 
57. Rh8+ Kg5 58. Rg8+ Kh6 59. Rh8+ Kg5 60. Rg8+ Kh6 61. Rh8+ 1/2-1/2

[Event "Friday 12 January Rapid Engine Tour12+1 Rponds 9 Starts 1600 ST"]
[Site "Infinity Chess"]
[Date "2018.1.12"]
[Round "6"]
[White "KULLANI"]
[Black "Neoxium"]
[Result "1-0"]
[ECO "C55"]
[WhiteElo "2427"]
[BlackElo "2450"]
[WhiteEngine "BrainFish_180106_x64_CTG"]
[BlackEngine "Stockfish SL FA PB BMI2"]
[EventType "Swiss"]
[WhiteTeam ""]
[BlackTeam ""]
[PlyCount "92"]
[TimeControl "720+1"]

1. e4 e5 2. Nf3 Nc6 3. Bc4 Nf6 4. d3 Bc5 5. O-O d6 6. c3 a5 7. Re1 O-O 
8. Nbd2 Ng4 9. Re2 Kh8 10. h3 f5 11. d4 exd4 12. hxg4 fxg4 13. Nxd4 Ne5 
14. Qe1 Qg5 15. b3 Qg6 16. Nf1 c6 17. Qd1 b5 18. Bd3 Nf3+ 19. gxf3 gxf3+ 
20. Ng3 fxe2 21. Bxe2 b4 22. Be3 Ra7 23. Rc1 Re7 24. Kg2 bxc3 25. Rxc3 Qf6 
26. Rc4 g6 27. Qc1 Ba6 28. Rxc5 dxc5 29. Qxc5 Bxe2 30. Ndxe2 Kg8 31. Nd4 a4 
32. bxa4 h5 33. Nxc6 Rb7 34. Ne5 Qe6 35. Ne2 Rc8 36. Qa5 Qd6 37. Bd4 Re8 
38. Qc3 Rbe7 39. Qc4+ Qe6 40. Qb5 Rf8 41. a5 Kh7 42. a4 Qd6 43. Nf3 Qd7 
44. Ng5+ Kh6 45. Be3 Rc8 46. a6 Qg4+ 1-0

[Event "Friday 12 January Rapid Engine Tour12+1 Rponds 9 Starts 1600 ST"]
[Site "Infinity Chess"]
[Date "2018.1.12"]
[Round "6"]
[White "Thinker"]
[Black "Time_bandit"]
[Result "1/2-1/2"]
[ECO "C55"]
[WhiteElo "2449"]
[BlackElo "2454"]
[WhiteEngine "BrainFish_180106_x64_modern_CTG"]
[BlackEngine "asmFishW_2017-11-19_popcnt"]
[EventType "Swiss"]
[WhiteTeam ""]
[BlackTeam ""]
[PlyCount "99"]
[TimeControl "720+1"]

1. e4 e5 2. Nf3 Nc6 3. Bc4 Nf6 4. d3 Bc5 5. c3 d6 6. O-O a5 7. h3 O-O 8. Re1 h6 
9. Nbd2 Be6 10. a4 Bb6 11. b3 d5 12. Bb5 Ne7 13. exd5 Nfxd5 14. Qc2 c6 
15. Bc4 Ng6 16. d4 Ndf4 17. dxe5 Nh4 18. Bf1 Bd5 19. Re4 Nfg6 20. Bc4 Re8 
21. g3 Nxf3+ 22. Nxf3 Qd7 23. Bxd5 cxd5 24. Rg4 Qc6 25. Nd4 Bxd4 26. Rxd4 Nxe5 
27. Kg2 b5 28. axb5 Qxb5 29. Qd1 Qb7 30. Rxd5 a4 31. f3 Rac8 32. Bf4 Ng6 
33. Rxa4 Rxc3 34. Rd3 Qc6 35. Rxc3 Qxc3 36. Bc1 Rc8 37. Bd2 Qd3 38. Re4 Qd5 
39. Qe1 Rc2 40. Re2 Ne5 41. Rxe5 Rxd2+ 42. Re2 Rxe2+ 43. Qxe2 Qxb3 44. g4 Kh7 
45. h4 g6 46. h5 Qe6 47. Qxe6 fxe6 48. f4 gxh5 49. gxh5 Kg8 50. Kf2 1/2-1/2

[Event "Friday 12 January Rapid Engine Tour12+1 Rponds 9 Starts 1600 ST"]
[Site "Infinity Chess"]
[Date "2018.1.12"]
[Round "6"]
[White "KhalidOmar"]
[Black "Cepri"]
[Result "1/2-1/2"]
[ECO "C50"]
[WhiteElo "2452"]
[BlackElo "2460"]
[WhiteEngine "Eman 1.61a 64-bit BMI2"]
[BlackEngine "BrainFish_180106_x64"]
[EventType "Swiss"]
[WhiteTeam ""]
[BlackTeam ""]
[PlyCount "60"]
[TimeControl "720+1"]

1. e4 e5 2. Nf3 Nc6 3. Bc4 Bc5 4. O-O Nf6 5. d3 d6 6. c3 O-O 7. h3 a5 8. Nbd2 h6 
9. Re1 Be6 10. Bb5 Qb8 11. Nf1 Qa7 12. Re2 a4 13. Ng3 Qa5 14. Bxc6 bxc6 
15. Nh4 Rfe8 16. Re1 d5 17. exd5 Nxd5 18. Nhf5 Qb6 19. Qg4 Bxf2+ 20. Kh1 g6 
21. Re2 Nf4 22. Bxf4 Bxf5 23. Nxf5 exf4 24. Rxe8+ Rxe8 25. Nxh6+ Kg7 26. Rf1 Be3 
27. Nf5+ Kg8 28. Nh6+ Kg7 29. Nf5+ Kg8 30. Nh6+ Kg7 1/2-1/2

[Event "Friday 12 January Rapid Engine Tour12+1 Rponds 9 Starts 1600 ST"]
[Site "Infinity Chess"]
[Date "2018.1.12"]
[Round "6"]
[White "Wolle"]
[Black "Vimtiroba"]
[Result "1/2-1/2"]
[ECO "C50"]
[WhiteElo "2473"]
[BlackElo "2463"]
[WhiteEngine "Raubfisch X37a2_CTG"]
[BlackEngine "AsmFish@J10V3_CTG"]
[EventType "Swiss"]
[WhiteTeam ""]
[BlackTeam ""]
[PlyCount "181"]
[TimeControl "720+1"]

1. e4 e5 2. Nf3 Nc6 3. Bc4 Bc5 4. O-O Nf6 5. d3 d6 6. c3 O-O 7. Bg5 h6 8. Bh4 a6 
9. a4 g5 10. Bg3 Ba7 11. Nbd2 Nh7 12. h3 Qf6 13. b4 Qg7 14. Kh1 h5 15. Qe2 Ne7 
16. d4 Ng6 17. dxe5 dxe5 18. Ne1 Re8 19. Nd3 Bd7 20. Nb3 h4 21. Nbc5 Bc8 
22. Bh2 Nhf8 23. Qf3 a5 24. Rfe1 Re7 25. b5 Nh7 26. Qe3 Qf6 27. f3 Nhf8 
28. Qd2 Nd7 29. Bg1 Nxc5 30. Bxc5 Bxc5 31. Nxc5 Kg7 32. Bd5 Rb8 33. Rab1 Re8 
34. Red1 Rd8 35. Qe2 Nf4 36. Qe3 Qd6 37. Nd3 Qf6 38. Nc5 Qb6 39. Rb2 Kh6 
40. Qf2 Rd6 41. Qg1 Ne6 42. Nd3 Qxg1+ 43. Kxg1 f6 44. c4 Nd4 45. Nc5 Rd8 
46. Nb3 Nxb3 47. Rxb3 Kg7 48. Rdb1 Kf8 49. c5 Ke7 50. Kf1 Bd7 51. Ke2 Be6 
52. Rd3 Bd7 53. Bc4 Be6 54. Bd5 Bd7 55. Bc4 c6 56. Rbd1 cxb5 57. Bxb5 Bc6 
58. Rxd8 Rxd8 59. Rxd8 Kxd8 60. Bxc6 bxc6 61. Kf2 Ke7 62. g3 hxg3+ 63. Kxg3 Ke8 
64. Kg4 Kf8 65. Kf5 Kf7 66. Kg4 Kg6 67. Kg3 Kh5 68. Kf2 Kh4 69. Kg2 Kh5 
70. Kf2 Kg6 71. Ke3 Kf7 72. Kf2 Ke6 73. Ke3 f5 74. Kd3 f4 75. Kc3 Kf7 
76. Kd2 Ke6 77. Kc2 Ke7 78. Kd2 Kd7 79. Kd3 Ke7 80. Kc4 Kf7 81. Kd3 Kf6 
82. Kd2 Ke6 83. Kc3 Kf6 84. Kd3 Kg6 85. Ke2 Kh5 86. Kf1 Kh4 87. Kg2 Kh5 
88. Kf2 Kg6 89. Ke2 Kh5 90. Kf2 Kg6 91. Ke2 1/2-1/2

[Event "Friday 12 January Rapid Engine Tour12+1 Rponds 9 Starts 1600 ST"]
[Site "Infinity Chess"]
[Date "2018.1.12"]
[Round "6"]
[White "Katzenmaier"]
[Black "Eman"]
[Result "1/2-1/2"]
[ECO "B90"]
[WhiteElo "2484"]
[BlackElo "2466"]
[WhiteEngine "S_XPrO.251117.x64.POPCNT_CTG"]
[BlackEngine "Eman 1.61a 64-bit POPCNT"]
[EventType "Swiss"]
[WhiteTeam ""]
[BlackTeam ""]
[PlyCount "89"]
[TimeControl "720+1"]

1. e4 c5 2. Nf3 d6 3. d4 cxd4 4. Nxd4 Nf6 5. Nc3 a6 6. h3 e5 7. Nde2 h5 
8. g3 Be6 9. Bg2 b5 10. O-O Nbd7 11. Be3 Be7 12. Qd2 O-O 13. a3 Rc8 14. Rfd1 Nb6 
15. b3 Qc7 16. Qd3 Rfd8 17. a4 bxa4 18. Qxa6 Rb8 19. Bxb6 Rxb6 20. Qxa4 Qc8 
21. h4 Bg4 22. f3 Be6 23. Qa7 Rb7 24. Qa6 Bf8 25. Kh2 Rc7 26. Qxc8 Rdxc8 
27. Rd3 d5 28. exd5 Bf5 29. d6 Rc6 30. Rd2 Rxd6 31. Rxd6 Bxd6 32. Ra2 Rd8 
33. Bh3 Bh7 34. Nb5 Bf8 35. c4 Rd3 36. Nec3 Rxf3 37. b4 Bxb4 38. Ra8+ Bf8 
39. c5 Rf2+ 40. Kg1 Rc2 41. c6 Rc1+ 42. Kh2 Rc2+ 43. Kg1 Rc1+ 44. Kh2 Rc2+ 
45. Kg1 1/2-1/2

[Event "Friday 12 January Rapid Engine Tour12+1 Rponds 9 Starts 1600 ST"]
[Site "Infinity Chess"]
[Date "2018.1.12"]
[Round "6"]
[White "THE_MACHINE"]
[Black "Harry_Potter"]
[Result "1/2-1/2 "]
[ECO "C50"]
[WhiteElo "2483"]
[BlackElo "2510"]
[WhiteEngine "Houdini 6"]
[BlackEngine "asmFishW_2018-01-11_bmi2_CTG"]
[EventType "Swiss"]
[WhiteTeam ""]
[BlackTeam ""]
[PlyCount "162"]
[TimeControl "720+1"]

1. e4 e5 2. Nf3 Nc6 3. Bc4 Bc5 4. O-O Nf6 5. d3 d6 6. c3 a5 7. Re1 O-O 
8. Nbd2 h6 9. h3 Be6 10. a4 Ba7 11. b3 d5 12. exd5 Nxd5 13. Ne4 Re8 14. Bd2 Nf6 
15. Qe2 Qe7 16. Rab1 Rad8 17. Bb5 Bd5 18. c4 Bxe4 19. dxe4 Rxd2 20. Qxd2 Rd8 
21. Qe2 Nd4 22. Nxd4 Rxd4 23. c5 Bxc5 24. Bd3 c6 25. Qc2 Bb4 26. Red1 Bc5 
27. Rbc1 Ba3 28. Ra1 Bc5 29. Qe2 g6 30. Rac1 Bb6 31. Rc4 Rd7 32. Kh2 h5 
33. Rcc1 Rd4 34. g3 h4 35. Kg2 Nh5 36. Rc3 Kf8 37. Bc2 Ng7 38. Rcd3 Ne6 
39. Rxd4 Nxd4 40. Qe3 Bc5 41. Qc3 Bb4 42. Qd3 Qc7 43. Rf1 Be7 44. Bd1 Kg7 
45. Qc3 Qd8 46. Qe1 Qb6 47. Qe3 Qc5 48. Kh1 b5 49. axb5 cxb5 50. gxh4 Bxh4 
51. f4 Qd6 52. f5 gxf5 53. exf5 Nxf5 54. Rxf5 Qxd1+ 55. Qg1+ Qxg1+ 56. Kxg1 a4 
57. Rxe5 axb3 58. Rxb5 Bd8 59. Rxb3 Kh7 60. Rb8 Be7 61. Kf2 Kg6 62. Rc8 f6 
63. Rc6 Ba3 64. Kf3 Bb2 65. Rc5 Bd4 66. Rc4 Ba1 67. Rc1 Bb2 68. Re1 Bd4 
69. Rd1 Bc5 70. Kf4 Bf2 71. Ke4 Kg5 72. Rd3 Be1 73. Rd5+ Kh4 74. Kf3 Bc3 
75. Rd7 Ba1 76. Rh7+ Kg5 77. Rg7+ Kh6 78. Rc7 Bb2 79. Rc2 Ba3 80. Kg4 Bd6 
81. Rc8 Bh2 1/2-1/2

[Event "Friday 12 January Rapid Engine Tour12+1 Rponds 9 Starts 1600 ST"]
[Site "Infinity Chess"]
[Date "2018.1.12"]
[Round "6"]
[White "localhero"]
[Black "neófito"]
[Result "1/2-1/2"]
[ECO "A46"]
[WhiteElo "2434"]
[BlackElo "2428"]
[WhiteEngine "asmFishW_2017-10-04_popcnt"]
[BlackEngine "BrainFish_180106_x64_bmi2_CTG"]
[EventType "Swiss"]
[WhiteTeam ""]
[BlackTeam ""]
[PlyCount "127"]
[TimeControl "720+1"]

1. d4 Nf6 2. Nf3 e6 3. c4 b6 4. g3 Be7 5. Bg2 Bb7 6. Nc3 O-O 7. O-O Ne4 
8. Bd2 d5 9. cxd5 exd5 10. Qa4 Nd7 11. Rac1 c6 12. Bf4 g5 13. Be3 Nd6 14. Qc2 f5 
15. Rcd1 Kh8 16. Qc1 Rg8 17. Ne5 Qe8 18. f4 g4 19. Rd2 Rc8 20. Rc2 h5 
21. Bf2 Rg7 22. Qe3 Nf6 23. Qc1 Nde4 24. Be1 Qg8 25. e3 Bd6 26. Nxe4 dxe4 
27. Rff2 Nd5 28. Bf1 h4 29. Bc4 h3 30. a3 Qf8 31. b4 Kh7 32. Bb3 Rgc7 
33. Bc3 Qe7 34. Bb2 Qe8 35. Qd2 Ba6 36. Rc1 Bb5 37. Rc2 a5 38. a4 Nxb4 
39. axb5 Nxc2 40. Bxc2 cxb5 41. Qd1 a4 42. Bxe4 fxe4 43. Qxg4 a3 44. Qxh3+ Kg8 
45. Bxa3 Bxa3 46. f5 Rc1+ 47. Kg2 R8c2 48. Qg4+ Kf8 49. Ng6+ Kf7 50. Ne5+ Ke7 
51. Qxe4 Rxf2+ 52. Kxf2 Qh5 53. Nd3+ Kd7 54. Nxc1 Qxh2+ 55. Ke1 Qg1+ 
56. Ke2 Qxc1 57. Qe6+ Kc7 58. Qf7+ Kc6 59. Qe6+ Bd6 60. Qe8+ Kc7 61. Qf7+ Kc6 
62. Qe8+ Kc7 63. Qf7+ Kc6 64. Qe8+ 1/2-1/2

[Event "Friday 12 January Rapid Engine Tour12+1 Rponds 9 Starts 1600 ST"]
[Site "Infinity Chess"]
[Date "2018.1.12"]
[Round "6"]
[White "Marsell"]
[Black "Murx"]
[Result "1/2-1/2"]
[ECO "C55"]
[WhiteElo "2488"]
[BlackElo "2472"]
[WhiteEngine "asmFishW_2018-01-11_popcnt"]
[BlackEngine "BrainFish_171226_x64_modern"]
[EventType "Swiss"]
[WhiteTeam ""]
[BlackTeam ""]
[PlyCount "180"]
[TimeControl "720+1"]

1. e4 e5 2. Nf3 Nc6 3. Bc4 Nf6 4. d3 Bc5 5. c3 d6 6. O-O O-O 7. h3 a6 8. Re1 Ba7 
9. Bb3 h6 10. Nbd2 Re8 11. Nf1 Be6 12. Bc2 d5 13. Qe2 b5 14. Bd2 Qd7 15. Ng3 d4 
16. a4 Bc5 17. Rec1 Qd6 18. Nh4 Ne7 19. Qe1 Bb6 20. Nf3 Nc6 21. Rab1 Bd7 
22. Qe2 Red8 23. Ra1 Rab8 24. Nh4 Ne7 25. a5 Ba7 26. Qf3 Rf8 27. Bb3 Kh8 
28. Rab1 dxc3 29. bxc3 c5 30. Rd1 Rbd8 31. d4 Nh7 32. dxc5 Qxc5 33. Be3 Qc7 
34. Bxa7 Qxa7 35. Nhf5 Nxf5 36. exf5 Qc7 37. Nh5 g6 38. Ng3 gxf5 39. Nxf5 Ng5 
40. Qd3 Be6 41. Qc2 Rg8 42. Rxd8 Qxd8 43. Kh2 Bxb3 44. Rxb3 Rg6 45. c4 Qc7 
46. Ne3 e4+ 47. Kh1 bxc4 48. Rb1 Qf4 49. Nd5 Qe5 50. Qxc4 Nf3 51. gxf3 Qf5 
52. Qd4+ Kh7 53. Nf6+ Rxf6 54. Qxe4 Kg7 55. Qg4+ Kh7 56. Qe4 Kg7 57. Rg1+ Kh7 
58. Kg2 Rg6+ 59. Kh2 Qxa5 60. Rxg6 fxg6 61. Qe7+ Kg8 62. f4 Qf5 63. Qe8+ Kg7 
64. Qe7+ Qf7 65. Qd6 a5 66. Qe5+ Kh7 67. Qxa5 Qxf4+ 68. Kg1 h5 69. Qc3 Qg5+ 
70. Kh2 Qd5 71. Qf6 Qc5 72. Qf7+ Kh6 73. Kg3 Qg5+ 74. Kh2 h4 75. Qf8+ Kh7 
76. Qf7+ Kh6 77. Qc7 Qf6 78. Kg1 g5 79. Kg2 Qa1 80. Qb6+ Kh5 81. Qb7 Kh6 
82. Qe7 Qb2 83. Qe6+ Kh5 84. Kf3 Qc2 85. Qe8+ Qg6 86. Qh8+ Qh6 87. Qxh6+ Kxh6 
88. Kg4 Kg6 89. f4 gxf4 90. Kxf4 Kg7 1/2-1/2

[Event "Friday 12 January Rapid Engine Tour12+1 Rponds 9 Starts 1600 ST"]
[Site "Infinity Chess"]
[Date "2018.1.12"]
[Round "6"]
[White "Deep_Impact"]
[Black "Gilgamesch"]
[Result "1/2-1/2"]
[ECO "A22"]
[WhiteElo "2504"]
[BlackElo "2505"]
[WhiteEngine "BrainFish_171226_x64_modern"]
[BlackEngine "BrainFish_171005_x64_bmi2"]
[EventType "Swiss"]
[WhiteTeam ""]
[BlackTeam ""]
[PlyCount "78"]
[TimeControl "720+1"]

1. c4 e5 2. Nc3 Nf6 3. Nf3 Nc6 4. g3 d5 5. cxd5 Nxd5 6. Bg2 Nb6 7. O-O Be7 
8. d3 Be6 9. Be3 O-O 10. Rc1 Re8 11. a3 h6 12. Ne4 Qd7 13. b4 a6 14. d4 Nc4 
15. Nxe5 Nxe3 16. fxe3 Nxe5 17. dxe5 Rad8 18. Qxd7 Rxd7 19. Bf3 Red8 20. Kf2 c6 
21. Rc3 Bf5 22. Rfc1 Bf8 23. Nc5 Bxc5 24. Rxc5 Rd2 25. g4 Be6 26. h3 Kf8 
27. h4 Kg8 28. g5 hxg5 29. hxg5 Ra2 30. R5c3 g6 31. Rg1 Kg7 32. Rh1 Re8 
33. Kg3 Rd8 34. Kf4 Bc8 35. e4 Be6 36. Ke3 Kf8 37. Kf4 Kg7 38. Rb1 Rg8 
39. Rh1 Rd8 1/2-1/2